 Dungeon Crawl Stone Soup version 0.30-a0-1008-g30c9307041 (webtiles) character file.

Game seed: 12101326811734601271

4697 NinjaNoafa the Destroyer (level 10, -8/77 HPs)
             Began as a Gnoll Conjurer on Apr 5, 2023.
             Was a Follower of Ashenzari.
             Mangled by a large slime creature (32 damage)
             ... on level 7 of the Dungeon.
             The game lasted 00:20:28 (6868 turns).

NinjaNoafa the Destroyer (Gnoll Conjurer)           Turns: 6868, Time: 00:20:29

Health: -8/77      AC: 11    Str: 10    XL:     10   Next: 45%
Magic:  1/22       EV: 15    Int: 27    God:    Ashenzari [*.....]
Gold:   487        SH:  0    Dex: 14    Spells: 9/26 levels left

rFire   . . .      SeeInvis +    b - +3 whip (venom)
rCold   . . .      Faith    .    (no shield)
rNeg    . . .      Spirit   .    t - +4 robe of Augmentation {Str+4 Int+4 Dex+4}
rPois   .          Reflect  .    q - +0 helmet of Ashenzari's Planets {Range, Self} (curse)
rElec   .          Rampage  .    s - +1 cloak
rCorr   .                        F - +0 pair of gloves "Share My Burden" {Self, Comp} (curse)
Will    +....                    (no boots)
Stlth   +++                      (no amulet)
HPRegen 0.32/turn                d - ring of see invisible
MPRegen 0.18/turn                w - ring of willpower

@: no status effects
A: fangs 1, strong nose, distributed training
a: Renounce Religion, Curse Item, Shatter the Chains


You were on level 7 of the Dungeon.
You worshipped Ashenzari.
Ashenzari was aware of your devotion.
You visited 2 branches of the dungeon, and saw 8 of its levels.
You also visited: Bailey.

You collected 547 gold pieces.
You spent 60 gold pieces at shops.

Inventory:

Hand Weapons
 b - a +3 whip of venom (weapon)
Missiles
 g - a silver boomerang
 j - 14 boomerangs
 n - 2 curare-tipped darts
 H - 14 poisoned darts
Armour
 m - a +0 kite shield
 q - the cursed +0 helmet of Ashenzari's Planets (worn) {Range, Self}
   (You took it off Robin on level 2 of the Dungeon)

   It has a curse which improves the following skills: Ranged Combat: Ranged
   Weapons and Throwing.
   Introspection: Fighting and Spellcasting.
 s - a +1 cloak (worn)
 t - the +4 robe of Augmentation (worn) {Str+4 Int+4 Dex+4}
   (You found it on level 3 of the Dungeon)

   Str:       It affects your strength (+4).
   Int:       It affects your intelligence (+4).
   Dex:       It affects your dexterity (+4).
 F - the cursed +0 pair of gloves "Share My Burden" (worn) {Self, Comp}
   (You found it on level 6 of the Dungeon)

   It has a curse which improves the following skills: Introspection: Fighting
   and Spellcasting.
   Companions: Summonings and Necromancy.
Magical Staves
 a - a staff of air
Jewellery
 d - a ring of see invisible (left hand)
 p - a +6 ring of strength
 w - a ring of willpower (right hand)
 D - a ring of ice
Wands
 y - a wand of paralysis (8)
Scrolls
 c - 2 scrolls of brand weapon
 e - 4 scrolls of teleportation
 f - a scroll of summoning
 o - 4 scrolls of blinking
 z - 2 scrolls of immolation
 C - 3 scrolls of amnesia
Potions
 h - 2 potions of might
 i - a potion of attraction
 k - 2 potions of cancellation
 l - 3 potions of heal wounds
 r - 2 potions of lignification
 u - a potion of curing
 v - a potion of mutation
 x - a potion of magic
 A - a potion of flight
 B - a potion of ambrosia
 E - 3 potions of brilliance
 G - 2 potions of invisibility


   Skills:
 + Level 5.5(6.7) Fighting
 + Level 5.5 Short Blades
 + Level 5.5 Long Blades
 + Level 5.5 Axes
 + Level 5.5 Maces & Flails
 + Level 5.5 Polearms
 + Level 5.5 Staves
 + Level 5.5(6.2) Ranged Weapons
 + Level 5.5(6.2) Throwing
 + Level 5.5 Armour
 + Level 7.2 Dodging
 + Level 7.0 Stealth
 + Level 5.5 Shields
 + Level 5.5 Unarmed Combat
 + Level 7.5(8.7) Spellcasting
 + Level 8.5 Conjurations
 + Level 4.5 Hexes
 + Level 4.5(5.3) Summonings
 + Level 4.5(5.3) Necromancy
 + Level 4.5 Translocations
 + Level 4.5 Transmutations
 + Level 4.5 Fire Magic
 + Level 4.5 Ice Magic
 + Level 4.5 Air Magic
 + Level 4.5 Earth Magic
 + Level 4.5 Poison Magic
 + Level 6.0 Invocations
 + Level 5.5 Evocations


You had 9 spell levels left.
You knew the following spells:

 Your Spells              Type           Power      Damage    Failure   Level
a - Searing Ray           Conj           100%       2d8       1%          2
b - Dazzling Flash        Conj/Hex       94%        N/A       1%          3
c - Iskenderun's Mystic   Conj/Tloc      47%        2d10      3%          4
d - Confusing Touch       Hex            36%        N/A       2%          3
f - Fulminant Prism       Conj/Hex       23%        3d12      3%          4
i - Magic Dart            Conj           100%       1d8       1%          1

Your spell library contained the following spells:

 Spells                   Type           Power      Damage    Failure   Level
 Necrotise                Necr           100%       1d9       1%          1
 Slow                     Hex            100%       N/A       1%          1
 Vampiric Draining        Necr           40%        2d8       1%          3
 Vhi's Electric Charge    Tloc/Air       72%        N/A       2%          3
 Arcjolt                  Conj/Air       23%        1d33      9%          5
 Agony                    Necr           40%        N/A       16%         5
 Summon Forest            Summ/Tloc      19%        N/A       19%         5
 Eringya's Noxious Bog    Tmut/Pois      18%        N/A       75%         6
 Plasma Beam              Fire/Air       18%        2x1d32    75%         6
 Summon Hydra             Summ           20%        N/A       99%         7


Dungeon Overview and Level Annotations

Branches:
Dungeon (7/15)             Temple (1/1) D:5          Bailey (visited)

Altars:
Ashenzari
Cheibriados
Dithmenos
Elyvilon
Fedhas
Gozag
Hepliaklqana
Kikubaaqudgha
Makhleb
Nemelex Xobeh
Okawaru
Qazlal
Ru
Sif Muna
Trog
Uskayaw
Vehumet
Wu Jian
Xom
Yredelemnul
Zin
The Shining One

Shops:
D:3 (   D:7 *

Annotations:
D:6 5 runed translucent doors


Innate Abilities, Weirdness & Mutations

You have very sharp teeth.
Your uncanny sense of smell can sniff out nearby items.
Your experience applies equally to all skills.


Message History

The slime creature is heavily wounded.
The slime creature closely misses you. The slime creature hits you.
The slime creature attacks as you move away!
The slime creature closely misses you.
The slime creature attacks as you move away!
The slime creature closely misses you.
Two slime creatures merge to form a large slime creature.
Casting: Searing Ray (safe; 1% risk of failure)
Confirm with . or Enter, or press ? or * to list all spells.
Aiming: Fulminant Prism (dangerous; 3% risk of failure)
Press: ? - help, Dir - move target, p - large slime creature You conjure a prism of explosive energy!
A fulminant prism comes into view.
You hit the large slime creature.
The large slime creature is poisoned.
Your bite misses the large slime creature.
The large slime creature is heavily wounded.
The large slime creature hits you.
You hit the large slime creature.
The large slime creature looks as sick as possible!
The large slime creature is heavily wounded.
Your fulminant prism crackles loudly.
The large slime creature hits you!!
* * * LOW HITPOINT WARNING * * *
Unknown command.
Unknown command.
Unknown command.
Unknown command.
You hit the large slime creature.
The large slime creature is heavily wounded.
Your fulminant prism explodes!
The blast of energy engulfs the large slime creature!!
The large slime creature is severely wounded.
The large slime creature hits you!
* * * LOW HITPOINT WARNING * * *
Unknown command.
Unknown command.
Unknown command.
The large slime creature attacks as you move away!
The large slime creature hits you!!
You die...

##### ####...# #....#.#
#.####.###### #####.#..#......# #
#...#.#..'..J##.#### ######## #
#...#.####...@.....# #....... #
#...#....#.).......# ##.......
####...####.#†........# #........
.##..........###......###........
.............# #.................
[............###.................
.................................
.................................
........##....................##.


You could see a large slime creature (extremely poisoned).

Vanquished Creatures
  A vault guard (Bailey)
  A kobold demonologist (D:7)
  Prince Ribbit (Bailey)
  4 slime creatures
  2 humans (Bailey)
  A steam dragon (D:7)
  2 water moccasins (D:6)
  2 ice beasts
  4 orc warriors
  A sky beast (D:7)
  An ogre (D:5)
  A centaur (D:5)
  A phantom (D:5)
  2 kobold brigands (D:7)
  5 bullfrogs (Bailey)
  2 scorpions
  3 wights (D:7)
  5 orc priests
  3 hounds
  A jelly (D:4)
  2 sleepcaps (D:4)
  3 iguanas
  6 orc wizards
  Robin (D:2)
  3 gnolls
  6 adders
  A shadow imp (D:7)
  3 white imps
  A worm (D:2)
  2 dart slugs
  25 orcs
  6 ball pythons
  11 endoplasms
  A giant cockroach (D:2)
  23 goblins
  9 hobgoblins
  6 jackals (D:1)
  6 quokkas
  2 training dummies (D:5)
  10 bats
  4 frilled lizards
  14 kobolds
  5 rats
193 creatures vanquished.

Vanquished Creatures (others)
  8 fulminant prisms (D:7)
  2 plants (D:5)
10 creatures vanquished.

Grand Total: 203 creatures vanquished

Notes
Turn   | Place    | Note
-------+----------+-------------------------------------------
     0 | D:1      | NinjaNoafa the Gnoll Conjurer began the quest for the Orb.
     0 | D:1      | Reached XP level 1. HP: 13/13 MP: 6/6
   144 | D:1      | Reached XP level 2. HP: 19/19 MP: 3/7
   157 | D:1      | Learned a level 2 spell: Searing Ray
   366 | D:1      | Reached skill level 5 in Spellcasting
   366 | D:1      | Reached XP level 3. HP: 14/25 MP: 1/9
   428 | D:1      | Reached skill level 1 in Invocations
   583 | D:1      | Reached skill level 1 in Fighting
   583 | D:1      | Reached skill level 1 in Short Blades
   583 | D:1      | Reached skill level 1 in Long Blades
   583 | D:1      | Reached skill level 1 in Axes
   583 | D:1      | Reached skill level 1 in Maces & Flails
   583 | D:1      | Reached skill level 1 in Polearms
   583 | D:1      | Reached skill level 1 in Staves
   583 | D:1      | Reached skill level 1 in Ranged Weapons
   583 | D:1      | Reached skill level 1 in Throwing
   583 | D:1      | Reached skill level 1 in Armour
   583 | D:1      | Reached skill level 1 in Shields
   583 | D:1      | Reached skill level 1 in Unarmed Combat
   583 | D:1      | Reached skill level 1 in Evocations
   729 | D:2      | Noticed Robin
   731 | D:2      | Killed Robin
   732 | D:2      | Reached XP level 4. HP: 18/32 MP: 7/11
   798 | D:2      | Reached skill level 1 in Hexes
   798 | D:2      | Reached skill level 1 in Summonings
   798 | D:2      | Reached skill level 1 in Necromancy
   798 | D:2      | Reached skill level 1 in Translocations
   798 | D:2      | Reached skill level 1 in Transmutations
   798 | D:2      | Reached skill level 1 in Fire Magic
   798 | D:2      | Reached skill level 1 in Ice Magic
   798 | D:2      | Reached skill level 1 in Air Magic
   798 | D:2      | Reached skill level 1 in Earth Magic
   798 | D:2      | Reached skill level 1 in Poison Magic
  1060 | D:2      | Reached XP level 5. HP: 33/37 MP: 12/12
  1458 | D:3      | You fall into a shaft and drop 1 floor!
  1519 | D:3      | Found a faded altar of an unknown god.
  1628 | D:3      | Found the +4 robe of Augmentation {Str+4 Int+4 Dex+4}
  1665 | D:3      | Found Mexutseh's Antique Weapon Shoppe.
  2223 | D:4      | HP: 1/38 [orc priest/divine providence (9)]
  2224 | D:4      | Reached XP level 6. HP: 1/44 MP: 9/13
  2225 | D:4      | Reached skill level 5 in Dodging
  2620 | D:4      | Learned a level 3 spell: Dazzling Flash
  3019 | D:4      | Found a shadowy altar of Dithmenos.
  3033 | D:4      | Found a glowing silver altar of Zin.
  3047 | D:4      | Found a broken altar of Ashenzari.
  3050 | D:4      | Found a sacrificial altar of Ru.
  3077 | D:5      | Entered Level 5 of the Dungeon
  3302 | D:5      | Reached XP level 7. HP: 51/51 MP: 9/15
  3488 | D:5      | Reached skill level 5 in Stealth
  3639 | D:5      | Identified the +5 short sword of No Interval {spect, Str+4}
  3695 | D:5      | Found a staircase to the Ecumenical Temple.
  3722 | Temple   | Entered the Ecumenical Temple
  3815 | D:4      | Became a worshipper of Ashenzari the Shackled
  4117 | D:6      | Reached XP level 8. HP: 39/58 MP: 2/16
  4517 | D:6      | Found a runed translucent gate.
  4519 | D:6      | Found a runed translucent door.
  4524 | D:6      | Found a runed translucent gate.
  4532 | D:6      | Found a runed translucent gate.
  4555 | D:6      | Found a runed translucent door.
  4562 | D:6      | Found the +9 staff of Olgreb {rPois∞}
  4692 | D:6      | Learned a level 4 spell: Iskenderun's Mystic Blast
  4782 | D:7      | Found a shimmering altar of Xom.
  4785 | D:7      | Found a flagged portal.
  4812 | Bailey   | Entered a bailey
  4922 | Bailey   | Reached XP level 9. HP: 41/66 MP: 6/19
  4951 | Bailey   | Reached skill level 8 in Conjurations
  5143 | Bailey   | Noticed a vault guard
  5143 | Bailey   | Noticed Prince Ribbit
  5265 | Bailey   | Learned a level 3 spell: Confusing Touch
  5284 | Bailey   | Killed a vault guard
  5285 | Bailey   | Reached skill level 5 in Invocations
  5294 | Bailey   | Killed Prince Ribbit
  5422 | Bailey   | Noticed a vault guard
  5647 | D:7      | Reached skill level 5 in Fighting
  5647 | D:7      | Reached skill level 5 in Short Blades
  5647 | D:7      | Reached skill level 5 in Long Blades
  5647 | D:7      | Reached skill level 5 in Axes
  5647 | D:7      | Reached skill level 5 in Maces & Flails
  5647 | D:7      | Reached skill level 5 in Polearms
  5647 | D:7      | Reached skill level 5 in Staves
  5647 | D:7      | Reached skill level 5 in Ranged Weapons
  5647 | D:7      | Reached skill level 5 in Throwing
  5647 | D:7      | Reached skill level 5 in Armour
  5647 | D:7      | Reached skill level 5 in Shields
  5647 | D:7      | Reached skill level 5 in Unarmed Combat
  5647 | D:7      | Reached skill level 5 in Evocations
  5650 | D:7      | Noticed a kobold demonologist
  5797 | D:7      | Reached XP level 10. HP: 69/74 MP: 14/21
  5909 | D:7      | Reached * piety under Ashenzari
  6153 | D:6      | Learned a level 4 spell: Fulminant Prism
  6656 | D:7      | Found Meubeel's Fire Supplies.
  6663 | D:7      | Bought a scroll of immolation for 60 gold pieces
  6743 | D:7      | Killed a kobold demonologist
  6868 | D:7      | Mangled by a large slime creature

Illustrated notes

Levels and vault maps discovered:
D:1:      onia_arrival_pentagram, layout_loops_ring
D:2:      layout_basic, chequers_serial_rivers_micro_d,
          minmay_misc_feat_pillars, minmay_statues_item, uniq_robin
D:3:      layout_basic, serial_shops, nicolae_lakefront_shop,
          hellmonk_ecumenical_altar_arch_garden, minmay_misc_feat_secret_circle,
          grunt_decor_junction, amethyst_killhole
D:4:      layout_loops_ring, grunt_temple_overflow_cloverleaf
D:5:      dreamdust_elfheim, layout_basic, minmay_temple_entry_gardened_gates,
          minmay_fractal_squares_diagonal_5
D:6:      layout_cave_pools, minmay_guarded_unrand_staff_of_olgreb
D:7:      layout_basic, lemuel_crystal_altar, enter_bailey_5, st_stairs_1,
          nicolae_shop_fire_sale [nicolae_sub_dead_trees], corexii_checkpoint_b,
          minmay_fountain_box, minmay_misc_feat_alley,
          kennysheep_opposing_triangles
Temple:   sentei_temple_godly_chess

Skill      XL: |  1  2  3  4  5  6  7  8  9 10 |
---------------+-------------------------------+-----
Spellcasting   | 5 6 7 |  7.5
Invocations    | 1 2 3 4 5 6 |  6.0
Fighting       | 1 2 3 4 5 |  5.5
Short Blades   | 1 2 3 4 5 |  5.5
Long Blades    | 1 2 3 4 5 |  5.5
Axes           | 1 2 3 4 5 |  5.5
Maces & Flails | 1 2 3 4 5 |  5.5
Polearms       | 1 2 3 4 5 |  5.5
Staves         | 1 2 3 4 5 |  5.5
Ranged Weapons | 1 2 3 4 5 |  5.5
Throwing       | 1 2 3 4 5 |  5.5
Armour         | 1 2 3 4 5 |  5.5
Shields        | 1 2 3 4 5 |  5.5
Unarmed Combat | 1 2 3 4 5 |  5.5
Evocations     | 1 2 3 4 5 |  5.5
Hexes          | 1 2 3 4 |  4.5
Summonings     | 1 2 3 4 |  4.5
Necromancy     | 1 2 3 4 |  4.5
Translocations | 1 2 3 4 |  4.5
Transmutations | 1 2 3 4 |  4.5
Fire Magic     | 1 2 3 4 |  4.5
Ice Magic      | 1 2 3 4 |  4.5
Air Magic      | 1 2 3 4 |  4.5
Earth Magic    | 1 2 3 4 |  4.5
Poison Magic   | 1 2 3 4 |  4.5
Dodging        | 5 6 7 |  7.2
Stealth        | 5 6 7 |  7.0
Conjurations   | 8 |  8.5

Action                     |  1- 3 |  4- 6 |  7- 9 | 10-12 || total
---------------------------+-------+-------+-------+-------++-------
  Melee: Dagger            |     4 |       |       |       ||     4
         Whip              |    18 |    58 |    92 |    36 ||   204
         Bite              |     3 |     6 |    11 |     8 ||    28
         Punch             |       |       |     3 |       ||     3
         Staff             |       |       |       |     3 ||     3
  Throw: Boomerang         |       |       |     1 |       ||     1
   Cast: Magic Dart        |    49 |    41 |    10 |       ||   100
         Searing Ray       |     3 |    22 |    29 |     8 ||    62
         Dazzling Flash    |       |       |     2 |       ||     2
         Iskenderun's Myst |       |       |    20 |    16 ||    36
         Confusing Touch   |       |       |     4 |       ||     4
         Fulminant Prism   |       |       |       |     8 ||     8
 Invoke: Curse Item        |       |       |     1 |     1 ||     2
    Use: Potion            |       |     1 |     2 |     1 ||     4
         Scroll            |       |       |    16 |     2 ||    18
   Stab: Sleeping          |       |     3 |     1 |       ||     4
         Confused          |       |       |     1 |       ||     1
         Distracted        |       |       |       |     1 ||     1
 Armour: Robe              |     1 |    17 |    28 |    27 ||    73
  Dodge: Dodged            |    22 |    66 |   113 |    54 ||   255

Table legend: (Time is in decaauts)
 A = Elapsed time spent in this place.
 B = Non-inter-level travel time spent in this place.
 C = Inter-level travel time spent in this place.
 D = Time resting spent in this place.
 E = Time spent auto-exploring this place.
 F = Levels seen in this place.
 G = Mean time per level.
                   A        B        C        D        E       F      G
               +--------+--------+--------+--------+--------+-----+--------+
         Total |   6867 |   6355 |    512 |    907 |   3589 |   9 |  763.0 |
       Dungeon |   6192 |   5686 |    506 |    560 |   3509 |   7 |  884.6 |
        Temple |     15 |      9 |      6 |      0 |      2 |   1 |   15.0 |
        Bailey |    658 |    658 |      0 |    347 |     77 |   1 |  658.0 |
               +--------+--------+--------+--------+--------+-----+--------+

Top non-repeatable levels by time:
     D:7: 1104 daAuts
     D:5: 1073 daAuts
     D:3: 954 daAuts
     D:4: 899 daAuts
     D:1: 820 daAuts
     D:6: 803 daAuts
  Bailey: 658 daAuts
     D:2: 537 daAuts
  Temple: 15 daAuts
